 Dungeon Crawl Stone Soup version 0.16.0-17-g811c1d7 (webtiles) character file.

64692 Fluffy the Champion of Chaos (level 14, -3/104 HPs)
             Began as a Demonspawn Gladiator on Mar 19, 2015.
             Was the Champion of Makhleb.
             Hit by a silver javelin thrown by a merfolk javelineer (4 damage)
             ... on level 2 of the Shoals on Mar 20, 2015.
             The game lasted 01:35:25 (20981 turns).

Fluffy the Champion of Chaos (DsGl)                Turns: 20981, Time: 01:35:28

Health: -3/104     AC: 18    Str: 20    XL:     14   Next: 72%
Magic:  27/27      EV: 21    Int:  9    God:    Makhleb [******]
Gold:   3183       SH:  0    Dex: 12    Spells: 0 memorised, 13 levels left

rFire  + + .     SeeInvis +     M - +4 falchion "Khued" {pain, rF+}
rCold  . . .     Clarity  .     u - +1 robe of Oblivion {MR+ Regen+ Slay+2}
rNeg   . . .     SustAb   .     (no shield)
rPois  .         Gourm    .     (helmet restricted)
rElec  .         Spirit   .     P - +0 cloak
rCorr  .         Warding  .     F - +1 pair of gloves
rMut   .         Stasis   .     X - +0 pair of boots
MR     ++...                    (no amulet)
Stlth  +.........               j - ring of see invisible (curse)
                                x - +4 ring of evasion

@: very resistant to hostile enchantments, very unstealthy
A: horns 1, rough black scales 3, demonic guardian 2, fire resistance 1, frail
1, low mp 1, powered by death 2
a: Minor Destruction, Lesser Servant of Makhleb, Major Destruction, Greater
Servant of Makhleb, Renounce Religion


You were on level 2 of the Shoals.
You worshipped Makhleb.
Makhleb was exalted by your worship.
You were hungry.

You visited 4 branches of the dungeon, and saw 26 of its levels.

You collected 3435 gold pieces.
You spent 252 gold pieces at shops.

Inventory:

Hand weapons
 M - the +4 falchion "Khued" (weapon) {pain, rF+}
   (You bought it in a shop on level 8 of the Dungeon)

   In the hands of one skilled in necromantic magic, it inflicts extra damage on
   living creatures.
   It protects you from fire.
Armour
 u - the +1 robe of Oblivion (worn) {MR+ Regen+ Slay+2}
   (You found it on level 8 of the Dungeon)

   It affects your accuracy and damage with ranged weapons and melee attacks
   (+2).
   It affects your resistance to hostile enchantments.
   It increases your rate of regeneration.
 F - a +1 pair of gloves (worn)
 P - a +0 cloak (worn)
 X - a +0 pair of boots (worn)
 Z - the +0 ring mail of the Pleiades {MR+ rCorr Dex+5}
   (You found it on level 5 of the Dungeon)

   It affects your dexterity (+5).
   It affects your resistance to hostile enchantments.
   It protects you from acid and corrosion.
Rods
 R - a +0 rod of the swarm (14/14)
   (You found it on level 10 of the Dungeon)
Jewellery
 j - a cursed ring of see invisible (right hand)
 o - an uncursed ring of ice
 q - an uncursed ring of protection from magic
 w - an uncursed ring of wizardry
 x - a +4 ring of evasion (left hand)
 K - an uncursed ring of protection from fire
Magical devices
 a - a wand of digging (10)
 d - a wand of fire (4)
 i - a wand of cold (9)
 y - a wand of disintegration (16)
 E - a wand of digging (7)
 H - a wand of cold (7)
 S - a wand of cold (6)
 Y - a wand of fire (6)
Scrolls
 l - 3 scrolls of blinking
 n - 4 scrolls of recharging
 t - 6 scrolls of teleportation
 v - 6 scrolls of remove curse
 G - 3 scrolls of enchant weapon
 J - 5 scrolls of identify
 L - 2 scrolls of enchant armour
 Q - 3 scrolls of fear
 W - a scroll of brand weapon
Potions
 c - 2 potions of might
 e - 4 potions of agility
 g - 11 potions of curing
 k - a potion of magic
 m - 2 potions of restore abilities
 p - 2 potions of flight
 r - a potion of berserk rage
 s - 4 potions of brilliance
 z - 3 potions of invisibility
 A - 2 potions of haste
 C - 3 potions of resistance
 D - 5 potions of heal wounds
 I - a potion of cancellation
 O - a potion of cure mutation
Miscellaneous
 T - a lamp of fire
Comestibles
 b - 19 fruits
 f - 15 bread rations
 h - 11 meat rations
 B - 3 beef jerkies
 V - 6 slices of pizza


   Skills:
 + Level 12.8 Fighting
 + Level 13.9 Long Blades
 - Level 1.7 Throwing
 - Level 7.1 Armour
 + Level 10.1 Dodging
 + Level 15.1 Invocations


You had 13 spell levels left.
You didn't know any spells.

Dungeon Overview and Level Annotations

Branches:
Dungeon (12/15)            Temple (0/1) D:6            Lair (8/8) D:8
 Shoals (2/5) Lair:5       Spider (0/5) Lair:6        Slime (0/6) Lair:6
    Orc (4/4) D:12            Elf (0/3) Orc:4

Altars:
Ashenzari
Cheibriados
Dithmenos
Fedhas
Kikubaaqudgha
Makhleb
Nemelex Xobeh
Okawaru
Qazlal
Ru
Sif Muna
Trog
Xom
Zin
The Shining One
Beogh

Shops:
D:8 (   Orc:2 (   Orc:4 }*((

Annotations:
D:3 Sigmund


Innate Abilities, Weirdness & Mutations

You have a pair of small horns on your head.
You are completely covered in rough black scales (AC +10, Dex -3).
A demonic guardian rushes to your aid.
You can steal the life force of defeated enemies.
Your flesh is heat resistant.
You are frail (-10% HP).
Your magical capacity is low (-10% MP).


Message History

Things that are here:
4 silver javelins; a scale mail The merfolk javelineer completely misses you.
You see here 4 silver javelins.
The merfolk javelineer throws a silver javelin.
The silver javelin hits you!
* * * LOW HITPOINT WARNING * * *
The silver sears you!
* * * LOW HITPOINT WARNING * * *
Things that are here:
a silver javelin; a spear You barely miss the merfolk javelineer.
Your headbutt misses the merfolk javelineer.
You slash the merfolk javelineer!! You headbutt the merfolk javelineer.
The merfolk javelineer is moderately wounded.
The merfolk javelineer throws a silver javelin.
The silver javelin hits you!
* * * LOW HITPOINT WARNING * * *
The silver sears you!
You die...

≈≈≈P≈≈≈P≈..##..≈≈≈≈.≈≈
≈≈≈≈≈.P≈...#...≈≈≈≈≈≈
≈≈≈≈≈≈≈....≈≈≈≈≈≈≈≈≈≈
≈≈≈≈≈≈≈≈..≈≈.≈≈≈≈≈≈≈
..≈≈≈≈≈≈......≈≈≈≈≈≈
#..≈≈≈≈...#...≈≈≈≈≈≈≈
#.≈≈≈≈≈.(###.[.≈≈≈≈≈≈
..≈≈≈≈≈.(###...≈≈≈≈≈≈
..≈≈(≈≈..((@m(≈≈≈≈≈≈≈
.≈≈≈≈≈≈.(..3≈≈≈≈≈≈≈≈
P≈≈≈≈≈....≈..≈≈≈≈≈≈≈
≈≈≈≈≈....(...≈≈≈≈≈≈
≈≈≈≈≈≈.....###.≈≈≈
≈≈≈≈≈≈≈.≈≈..# .≈≈
≈≈≈≈≈≈........≈
≈≈≈≈..#.....
.....##..≈


You could see a merfolk javelineer and a friendly ice devil.

Vanquished Creatures
  Rupert (Lair:7)
  Fannar (Lair:6)
  A catoblepas (Lair:8)
  2 orc high priests (Orc:4)
  4 death yaks
  Nergalle (Lair:5)
  3 sea snakes
  An unseen horror (D:10)
  2 hill giants
  2 orc knights (Orc:4)
  2 manticores (Lair:8)
  5 griffons
  3 orc sorcerers (Orc:4)
  A water nymph (Shoals:2)
  2 cyclopes
  2 black mambas (Lair:8)
  An elephant (Lair:8)
  14 spiny frogs
  The ghost of Ladykiller69 the Cudgeler, an experienced MiFi (D:6)
  2 sirens
  An eye of devastation (Lair:6)
  A torpor snail (Lair:4)
  Psyche (D:11)
  A wandering mushroom (D:8)
  7 komodo dragons
  5 trolls
  3 merfolk
  4 fire drakes
  A wind drake (Shoals:1)
  A two-headed ogre (D:10)
  6 blink frogs
  Prince Ribbit (D:6)
  A spriggan (D:7)
  A basilisk (Lair:8)
  2 trapdoor spiders (Lair:6)
  A shadow (D:11)
  3 water elementals
  5 wyverns
  37 yaks
  6 hippogriffs
  14 wolves
  2 hungry ghosts
  A mottled dragon (D:12)
  The ghost of Swippen the Cudgeler, an average GrFi (D:4)
  3 porcupines
  19 water moccasins
  12 orc warriors
  3 ice beasts
  A black bear (Lair:2)
  3 sky beasts
  9 crocodiles
  10 ogres
  2 orc zombies (Orc:4)
  A big kobold (D:8)
  Duvessa (D:4)
  6 centaurs
  Blork the orc (D:9)
  16 giant frogs
  13 killer bees
  3 scorpions
  Dowan (D:4)
  6 crimson imps
  5 jellies
  A quasit (D:9)
  3 centaur zombies
  A centaur skeleton (D:7)
  A giant frog skeleton (D:9)
  19 orc priests
  10 hounds
  29 orc wizards
  4 worker ants
  10 iguanas
  18 sheep
  A mummy (D:10)
  2 hound skeletons
  19 adders
  2 gnolls (D:4)
  2 worker ant zombies
  71 river rats
  A shadow imp (D:7)
  A giant mite (D:6)
  3 worms
  An adder zombie (D:8)
  An ooze (D:3)
  161 orcs
  2 ball pythons
  16 goblins
  17 hobgoblins
  11 jackals
  10 kobolds
  10 quokkas
  16 bats
  5 giant cockroaches
  5 giant geckos
  7 giant newts
  A quokka skeleton (D:9)
  17 rats
  A fungus (Lair:6)
  A plant (Lair:2)
  A toadstool (D:1)
753 creatures vanquished.

Vanquished Creatures (collateral kills)
  Harold (D:11)
  6 hydras
  2 merfolk avatars (Shoals:1)
  3 death yaks
  2 orc high priests (Orc:4)
  Urug (D:11)
  A sea snake (Shoals:1)
  A hill giant (D:11)
  2 orc knights (Orc:4)
  A griffon (Lair:5)
  A cyclops (D:11)
  A manticore (Shoals:1)
  An oklob plant (Orc:1)
  2 orc sorcerers (Orc:4)
  5 elephants
  2 sirens (Shoals:2)
  5 spiny frogs
  A komodo dragon (Lair:8)
  2 fire drakes
  2 blink frogs (Lair:8)
  A boulder beetle (Lair:7)
  A snapping turtle (Shoals:2)
  2 trapdoor spiders (Lair:6)
  2 wyverns
  A spriggan (Lair:1)
  11 yaks
  A hippogriff (Shoals:1)
  An orc warrior (Orc:4)
  A wolf (Lair:3)
  A water moccasin (Lair:1)
  An eye of draining (Lair:6)
  An orc zombie (Orc:4)
  2 ogres
  2 centaurs
  A killer bee (D:11)
  An orc priest (Orc:4)
  A worker ant (D:5)
  A spectral orc (Lair:5)
  3 sheep (D:11)
  6 river rats
  A giant newt (D:6)
84 creatures vanquished.

Vanquished Creatures (others)
  7 sun demons
  9 soul eaters
  3 ice devils
  12 sixfirhies
  5 drowned souls (Shoals:1)
  11 smoke demons
  An orc zombie (Orc:4)
  4 crimson imps
  3 iron imps
  2 quasits (D:6)
  5 sheep (Lair:3)
  4 white imps
  6 ufetubi
  2 fungi (D:8)
  A plant (Lair:2)
  4 toadstools (D:1)
79 creatures vanquished.

Grand Total: 916 creatures vanquished

Notes
Turn   | Place    | Note
--------------------------------------------------------------
     0 | D:1      | Fluffy, the Demonspawn Gladiator, began the quest for the Orb.
     0 | D:1      | Reached XP level 1. HP: 16/16 MP: 1/1
   111 | D:1      | Reached skill level 3 in Long Blades
   194 | D:1      | You fall through a shaft!
   196 | D:2      | Gained mutation: You are partially covered in rough black scales (AC +4, Dex -1). [demonic ancestry]
   196 | D:2      | Reached XP level 2. HP: 19/22 MP: 2/2
   232 | D:2      | Found a snail-covered altar of Cheibriados.
   563 | D:2      | Found a stormy altar of Qazlal.
   746 | D:2      | Reached XP level 3. HP: 27/27 MP: 3/3
   886 | D:3      | Reached skill level 4 in Long Blades
  1060 | D:3      | Noticed Sigmund
  1377 | D:3      | Reached XP level 4. HP: 33/33 MP: 4/4
  1475 | D:3      | Found a sparkling altar of Nemelex Xobeh.
  1513 | D:3      | Noticed a scorpion
  1516 | D:3      | Killed a scorpion
  1516 | D:3      | Reached skill level 5 in Long Blades
  1719 | D:3      | Reached XP level 5. HP: 38/38 MP: 5/5
  1796 | D:4      | Noticed Swippen's ghost (average GrFi)
  1827 | D:4      | Killed Swippen's ghost
  1827 | D:4      | Reached skill level 6 in Long Blades
  2024 | D:4      | Found a glowing golden altar of the Shining One.
  2025 | D:4      | Noticed an ogre
  2040 | D:4      | Gained mutation: You are mostly covered in rough black scales (AC +7, Dex -2). [demonic ancestry]
  2040 | D:4      | Reached XP level 6. HP: 41/44 MP: 6/6
  2089 | D:4      | Killed an ogre
  2389 | D:4      | Reached skill level 7 in Long Blades
  2419 | D:4      | Found a shadowy altar of Dithmenos.
  2425 | D:4      | Noticed Dowan
  2426 | D:4      | Noticed Duvessa
  2450 | D:4      | Killed Duvessa
  2450 | D:4      | Gained mutation: A weak demonic guardian rushes to your aid. [demonic ancestry]
  2450 | D:4      | Reached XP level 7. HP: 11/50 MP: 7/7
  2455 | D:4      | Killed Dowan
  2771 | D:4      | Noticed an ogre
  2776 | D:4      | Killed an ogre
  2837 | D:4      | Reached skill level 8 in Long Blades
  3173 | D:5      | Entered Level 5 of the Dungeon
  3482 | D:5      | Reached skill level 1 in Armour
  3549 | D:5      | Gained mutation: You are completely covered in rough black scales (AC +10, Dex -3). [demonic ancestry]
  3549 | D:5      | Reached XP level 8. HP: 54/57 MP: 8/8
  3664 | D:5      | Got a polished ring mail
  3709 | D:5      | Found a bloodstained altar of Trog.
  4260 | D:5      | Found a burning altar of Makhleb.
  4265 | D:5      | Became a worshipper of Makhleb the Destroyer
  4453 | D:6      | Noticed Ladykiller69's ghost (experienced MiFi)
  4477 | D:6      | Killed Ladykiller69's ghost
  4640 | D:6      | Reached skill level 9 in Long Blades
  4873 | D:6      | Found a staircase to the Ecumenical Temple.
  5069 | D:6      | Noticed Prince Ribbit
  5095 | D:6      | Killed Prince Ribbit
  5095 | D:6      | Acquired Makhleb's first power
  5396 | D:7      | Got a polished falchion
  5505 | D:7      | Gained mutation: You can steal the life force of nearby defeated enemies. [demonic ancestry]
  5505 | D:7      | Reached XP level 9. HP: 67/67 MP: 9/9
  5509 | D:7      | Reached skill level 10 in Long Blades
  5509 | D:7      | Reached XP level 10. HP: 73/80 MP: 9/21
  5535 | D:7      | Found an ancient bone altar of Kikubaaqudgha.
  5537 | D:7      | Found a deep blue altar of Sif Muna.
  5541 | D:7      | Found a glowing silver altar of Zin.
  5544 | D:7      | Found an iron altar of Okawaru.
  5546 | D:7      | Found a blossoming altar of Fedhas.
  5547 | D:7      | Found a sacrificial altar of Ru.
  5744 | D:7      | Found a sparkling altar of Nemelex Xobeh.
  5924 | D:8      | Got a slimy robe
  5936 | D:8      | Acquired Makhleb's second power
  5954 | D:8      | You fall through a shaft!
  6004 | D:8      | Identified the +0 ring mail of the Pleiades {MR+ rCorr Dex+5} (You found it on level 5 of the Dungeon)
  6014 | D:8      | Identified the +1 robe of Oblivion {MR+ Regen+ Slay+2} (You found it on level 8 of the Dungeon)
  6191 | D:8      | Found Yrryag's Antique Weapon Boutique.
  6198 | D:8      | Bought a polished falchion for 168 gold pieces
  6198 | D:8      | Identified the +4 falchion "Khued" {pain, rF+} (You bought it in a shop on level 8 of the Dungeon)
  6251 | D:8      | Found a staircase to the Lair.
  6554 | D:9      | Found a bloodstained altar of Trog.
  6665 | D:9      | Noticed Blork the orc
  6679 | D:9      | Killed Blork the orc
  6679 | D:9      | Acquired Makhleb's third power
  6995 | D:10     | Entered Level 10 of the Dungeon
  7012 | D:9      | Reached skill level 11 in Long Blades
  7112 | D:10     | Identified a +0 rod of the swarm (14/14) (You found it on level 10 of the Dungeon)
  7141 | D:10     | Noticed a hill giant
  7153 | D:10     | Killed a hill giant
  7292 | D:10     | Acquired Makhleb's fourth power
  7296 | D:10     | Noticed an unseen horror
  7305 | D:10     | Killed an unseen horror
  7305 | D:10     | Gained mutation: A demonic guardian rushes to your aid. [demonic ancestry]
  7305 | D:10     | Reached XP level 11. HP: 87/87 MP: 23/23
  7714 | D:11     | Found a sacrificial altar of Ru.
  7827 | D:11     | Noticed a hill giant
  7835 | D:11     | Killed a hill giant
  7954 | D:11     | Noticed Psyche
  7961 | D:11     | Killed Psyche
  8008 | D:11     | Noticed Harold
  8013 | D:11     | Killed Harold
  8139 | D:11     | Acquired Makhleb's fifth power
  8422 | D:11     | Noticed Urug
  8435 | D:11     | Killed Urug
  8435 | D:11     | Reached skill level 10 in Invocations
  8821 | D:12     | Reached skill level 5 in Dodging
  8909 | D:12     | Found a staircase to the Orcish Mines.
  9198 | D:12     | Gained mutation: Your flesh is heat resistant. [potion of beneficial mutation]
  9282 | D:12     | Noticed a hill giant
  9293 | D:12     | Killed a hill giant
  9505 | Orc:1    | Entered Level 1 of the Orcish Mines
 10044 | Orc:2    | Found Talor's Weapon Emporium.
 10055 | Orc:2    | Found a roughly hewn altar of Beogh.
 11121 | Orc:4    | Entered Level 4 of the Orcish Mines
 11143 | Orc:4    | Found a shimmering altar of Xom.
 11149 | Orc:4    | Gained mutation: You have a pair of small horns on your head. [demonic ancestry]
 11149 | Orc:4    | Reached XP level 12. HP: 97/97 MP: 26/26
 11485 | Orc:4    | Noticed an orc high priest
 11492 | Orc:4    | Killed an orc high priest
 11492 | Orc:4    | Reached skill level 12 in Long Blades
 11533 | Orc:4    | Reached skill level 10 in Fighting
 11609 | Orc:4    | Found a staircase to the Elven Halls.
 11633 | Orc:4    | Found Maiplel's Gadget Shop.
 11646 | Orc:4    | Noticed an orc high priest
 11647 | Orc:4    | Noticed an orc high priest
 11664 | Orc:4    | Killed an orc high priest
 11681 | Orc:4    | Killed an orc high priest
 11795 | Orc:4    | Noticed an orc high priest
 11804 | Orc:4    | Killed an orc high priest
 11808 | Orc:4    | Found Khaamm's Weapon Emporium.
 11824 | Orc:4    | Found Neqil's Antique Weapon Emporium.
 11833 | Orc:4    | Found Umurit's Assorted Antiques.
 11913 | Orc:4    | Found a roughly hewn altar of Beogh.
 11987 | Orc:4    | Bought a scroll labeled TEOJ NAMUCW for 21 gold pieces
 11987 | Orc:4    | Bought a potion of curing for 63 gold pieces
 12252 | Lair:1   | Entered Level 1 of the Lair of Beasts
 12272 | Lair:1   | Found an iron altar of Okawaru.
 13012 | Lair:2   | Noticed a seven-headed hydra
 13026 | Lair:2   | Killed a seven-headed hydra
 13248 | Lair:2   | Noticed an eight-headed hydra
 13265 | Lair:2   | Killed an eight-headed hydra
 13313 | Lair:2   | Reached XP level 13. HP: 105/105 MP: 28/28
 13320 | Lair:2   | Found a shattered altar of Ashenzari.
 14372 | Lair:3   | Found a glowing silver altar of Zin.
 14584 | Lair:3   | Found a shimmering altar of Xom.
 14973 | Lair:4   | Reached skill level 13 in Invocations
 15692 | Lair:5   | Noticed Nergalle
 15708 | Lair:5   | Killed Nergalle
 15885 | Lair:5   | Found a staircase to the Shoals.
 16085 | Lair:5   | Identified Izxohuis' Catalogue of Self-Knowledge and Dislocation
 16859 | Lair:6   | Found a hole to the Spider Nest.
 17211 | Lair:6   | Noticed Fannar
 17219 | Lair:6   | Killed Fannar
 17224 | Lair:6   | Found a staircase to the Slime Pits.
 17949 | Lair:7   | Gained mutation: You can steal the life force of defeated enemies. [demonic ancestry]
 17949 | Lair:7   | Reached XP level 14. HP: 115/115 MP: 30/30
 18288 | Lair:7   | Noticed Rupert
 18304 | Lair:7   | Killed Rupert
 18304 | Lair:7   | Reached skill level 14 in Invocations
 18567 | Lair:8   | Entered Level 8 of the Lair of Beasts
 19443 | Lair:8   | Gained mutation: You are frail (-10% HP). [a cacodemon]
 19460 | Lair:8   | Gained mutation: Your magical capacity is low (-10% MP). [a cacodemon]
 19867 | Lair:8   | Upgraded the game from 0.16.0-16-g311141a to 0.16.0-17-g811c1d7
 19987 | Shoals:1 | Entered Level 1 of the Shoals
 20452 | Shoals:1 | Reached skill level 10 in Dodging
 20562 | Shoals:1 | Reached skill level 15 in Invocations
 20828 | Shoals:2 | HP: 3/104 [water nymph/the raging water (10)]
 20833 | Shoals:2 | HP: 3/104 [drowned by a water nymph (12)]
 20981 | Shoals:2 | HP: 1/104 [merfolk javelineer/silver javelin (8)]
 20981 | Shoals:2 | Hit by a silver javelin thrown by a merfolk javelineer

Action                   |  1- 3 |  4- 6 |  7- 9 | 10-12 | 13-15 || total
-------------------------+-------+-------+-------+-------+-------++-------
Melee: Long sword        |   124 |    92 |   177 |    40 |       ||   433
       Falchion          |       |       |       |   919 |   828 ||  1747
       Scimitar          |       |       |       |    37 |       ||    37
Invok: Major Destruction |       |       |       |       |     1 ||     1
       Greater Servant o |       |       |       |       |     1 ||     1
Evoke: Wand              |       |     4 |     5 |     1 |       ||    10
  Use: Potion            |       |     1 |     2 |     1 |     2 ||     6
       Scroll            |       |       |    18 |    10 |     6 ||    34
 Stab: Distracted        |       |       |     1 |     2 |     4 ||     7
       Sleeping          |       |       |       |     2 |       ||     2
  Eat: Chunk             |     2 |     3 |     8 |    26 |    24 ||    63
       Fruit             |       |       |     2 |       |       ||     2
